 Dungeon Crawl Stone Soup version 0.31.0-1-g2c135a008e (webtiles) character file.

Game seed: 2492470618923048595

133 qw the Shooter (level 5, 32/32 HPs)
             Began as a Gargoyle Hunter on Jan 23, 2024.
             Quit the game on level 3 of the Dungeon.
             The game lasted 00:00:13 (1809 turns).

qw the Shooter (Gargoyle Hunter)                    Turns: 1809, Time: 00:00:13

Health: 32/32      AC: 12    Str: 14    XL:     5   Next: 16%
Magic:  5/5        EV: 10    Int: 10    God:
Gold:   143        SH:  0    Dex: 15    Spells: 4/4 levels left

rFire   . . .        a - +1 shortbow
rCold   . . .        (shield currently unavailable)
rNeg    + . .        g - +0 ring mail
rPois   inf          l - +2 helmet
rElec   +            (no cloak)
rCorr   .            (no gloves)
SInv    .            (no boots)
Will    .....        (no amulet)
Stlth   +            (no ring)
HPRegen 0.25/turn    (no ring)
MPRegen 0.09/turn

%: no passive effects
@: no status effects
A: sickness immunity, AC +4, negative energy resistance 1, electricity
resistance, torment resistance 1, petrification resistance
a: no special abilities


You were on level 3 of the Dungeon.
You visited 1 branch of the dungeon, and saw 3 of its levels.

You collected 143 gold pieces.


Innate Abilities, Weirdness & Mutations

You are immune to sickness and miasma.
Your stone body is resilient. (AC +4)
You are immune to poison.
You resist negative energy. (rN+)
You are resistant to electric shocks. (rElec)
You are resistant to unholy torment.
You are immune to petrification.


   Skills:
 - Level 3.3 Fighting
 + Level 5.7 Ranged Weapons
 - Level 1.0 Armour
 - Level 1.5 Dodging
 - Level 1.1 Stealth


You had 4 spell levels left.
You didn't know any spells.
Your spell library was empty.

Inventory:

Hand Weapons
 a - a +1 shortbow (weapon)
Armour
 g - a +0 ring mail (worn)
 l - a +2 helmet (worn)
Potions
 d - a potion of haste
 e - a potion of heal wounds
 f - 2 potions of enlightenment
 i - a potion of magic {unknown}
 j - a potion of curing {unknown}
 k - a potion of lignification {unknown}

Dungeon Overview and Level Annotations

Branches:
Dungeon (3/15)

Altars:


Message History

You shoot an arrow. The arrow closely misses the adder.
The adder hisses angrily.
You shoot an arrow. The arrow barely misses the adder.
You shoot an arrow. The arrow hits the adder!
You kill the adder!
Found a dagger.
Found a stone staircase leading down.
An endoplasm comes into view.
The endoplasm quivers.
You see here 12 gold pieces.
You shoot an arrow. The arrow hits the endoplasm!
You kill the endoplasm!
You now have 136 gold pieces (gained 12).
Found a book of Vapours.
A bat comes into view.
You shoot an arrow. The arrow hits the bat!
You kill the bat!
Found 2 stones.
A bat comes into view.
You shoot an arrow. The arrow hits the bat!
You kill the bat!
A bat comes into view.
You shoot an arrow. The arrow hits the bat.
The bat is severely wounded.
You shoot an arrow. The arrow hits the bat.
You kill the bat!
Found a serpent talisman.
You now have 143 gold pieces (gained 7).
An orc comes into view. It is wielding a +0 trident.
Found 12 gold pieces.
Found a stone staircase leading down.
The orc shouts!
You shoot an arrow. The arrow hits the orc!
You kill the orc!
Welcome back, qw the Gargoyle Hunter.
Press ? for a list of commands and other information.
Enter note:
Enter note:
Enter note:
1809 ||| PLANNING D:1-11 Are you sure you want to abandon this character and quit the game? (Confirm with "yes".)

#.....### #.#
#..#....# #..
#.. #..#.### ##.
# ...(.#...#
.....####.### #
...... #...####
>## .....#
###....## ..$#
.....
######..#....#.
........@.....).
................
##########....#.
|...# ...# ...#
###


There were no monsters in sight!

Vanquished Creatures
  Terence (D:2)
  Robin (D:2)
  2 adders
  3 dart slugs
  4 orcs
  9 bats
  7 endoplasms
  3 giant cockroaches
  9 goblins
  8 hobgoblins
  2 quokkas (D:2)
  5 ball pythons
  7 frilled lizards
  5 kobolds
  2 rats
68 creatures vanquished.

Notes
Turn   | Place    | Note
-------+----------+-------------------------------------------
     0 | D:1      | qw the Gargoyle Hunter began the quest for the Orb.
     0 | D:1      | Reached XP level 1. HP: 12/12 MP: 1/1
     0 | D:1      | 0 ||| qw: Version: 0.3-a-132-g3d54051
     0 | D:1      | 0 ||| qw: Game counter: 573
     0 | D:1      | 0 ||| qw: Melee chars always use a shield: true
     0 | D:1      | 0 ||| qw: God list: Okawaru
     0 | D:1      | 0 ||| qw: Allow faded altars: false
     0 | D:1      | 0 ||| qw: Do Orc after clearing Dungeon:15 true
     0 | D:1      | 0 ||| qw: Do second Lair branch before Depths: true
     0 | D:1      | 0 ||| qw: Lair rune preference: random
     0 | D:1      | 0 ||| qw: Goals: Normal
     0 | D:1      | 0 ||| PLANNING D:1-11
     9 | D:1      | Noticed a centaur
    23 | D:1      | Found a faded altar of an unknown god.
    82 | D:1      | Reached XP level 2. HP: 17/17 MP: 2/2
   394 | D:1      | Reached XP level 3. HP: 21/21 MP: 3/3
   510 | D:1      | Reached skill level 5 in Ranged Weapons
   586 | D:1      | 586 ||| UPGRADING to +0 ring mail.
   596 | D:1      | 596 ||| DROPPING +0 leather armour.
   597 | D:1      | 597 ||| READING 2 scrolls labelled SAMOWURE HIXATH.
   597 | D:1      | 597 ||| IDENTIFYING brown potion
   598 | D:1      | 598 ||| READING scroll of identify.
   598 | D:1      | 598 ||| IDENTIFYING scroll labelled VAZAAJ KITOE
   599 | D:1      | 599 ||| READING scroll of enchant weapon.
   599 | D:1      | 599 ||| ENCHANTING +0 shortbow.
   600 | D:1      | 600 ||| READING scroll labelled HAECHO RUUDU.
   601 | D:1      | 601 ||| DROPPING scroll of butterflies.
   845 | D:2      | Reached skill level 1 in Armour
  1056 | D:2      | Noticed Terence
  1061 | D:2      | Killed Terence
  1062 | D:2      | Reached skill level 3 in Fighting
  1062 | D:2      | Reached XP level 4. HP: 28/28 MP: 4/4
  1329 | D:2      | 1329 ||| FLEEEEING.
  1330 | D:2      | 1330 ||| FLEEEEING.
  1331 | D:2      | 1331 ||| FLEEEEING.
  1332 | D:2      | 1332 ||| FLEEEEING.
  1346 | D:2      | Noticed Robin
  1357 | D:2      | Killed Robin
  1363 | D:2      | HP: 7/28 [hobgoblin[Robin] (4)]
  1369 | D:2      | HP: 4/28 [hobgoblin[Robin] (4)]
  1615 | D:2      | 1615 ||| UPGRADING to +2 helmet.
  1620 | D:2      | 1620 ||| READING scroll of identify.
  1620 | D:2      | 1620 ||| IDENTIFYING smoky purple potion
  1621 | D:2      | 1621 ||| READING scroll labelled COCEOMNY BAQE.
  1622 | D:2      | 1622 ||| FLEEEEING.
  1626 | D:2      | 1626 ||| DRINKING 2 clear potions.
  1627 | D:2      | 1627 ||| DRINKING 2 bubbling golden potions.
  1628 | D:2      | 1628 ||| DROPPING potion of brilliance.
  1661 | D:3      | 1661 ||| STAIRDANCE
  1667 | D:3      | 1667 ||| STAIRDANCE
  1685 | D:2      | Reached XP level 5. HP: 20/32 MP: 5/5
  1809 | D:3      | 1809 ||| qw: Version: 0.3-a-132-g3d54051
  1809 | D:3      | 1809 ||| qw: Game counter: 573
  1809 | D:3      | 1809 ||| qw: Melee chars always use a shield: true
  1809 | D:3      | 1809 ||| qw: God list: Okawaru
  1809 | D:3      | 1809 ||| qw: Allow faded altars: false
  1809 | D:3      | 1809 ||| qw: Do Orc after clearing Dungeon:15 true
  1809 | D:3      | 1809 ||| qw: Do second Lair branch before Depths: true
  1809 | D:3      | 1809 ||| qw: Lair rune preference: random
  1809 | D:3      | 1809 ||| qw: Goals: Normal
  1809 | D:3      | 1809 ||| PLANNING D:1-11
  1809 | D:3      | Quit the game

Levels and vault maps discovered:
D:1:      evilmike_arrival_come_back, layout_loops_ring,
          hellmonk_ecumenical_altar_arch_garden, minmay_tiny_reverse_x
D:2:      layout_loops_corners, minmay_cupped, uniq_robin, uniq_terence
D:3:      layout_rooms

Skill      XL: |  1  2  3 |
---------------+----------+-----
Ranged Weapons | 5 |  5.7
Armour         | 1 |  1.0
Fighting       | 3 |  3.3
Dodging        | |  1.5
Stealth        | |  1.1

Action                     |  1- 3 |  4- 6 || total
---------------------------+-------+-------++-------
   Fire: Shortbow          |   102 |    75 ||   177
    Use: Scroll            |     4 |     2 ||     6
         Potion            |       |     2 ||     2
 Armour: Leather armour    |     9 |       ||     9
         Ring mail         |     9 |    77 ||    86
  Dodge: Dodged            |    16 |    56 ||    72

Table legend:
 A = Non-vault XP
 B = Vault XP
 C = Vault XP percentage of total XP
 D = Non-vault monster count
 E = Vault monster count
 F = Vault count percentage of total count
                 A         B        C        D         E       F
            +---------+---------+-------+---------+---------+-------
      Total |     117 |      76 |  39.4 |      49 |      19 |  27.9
            +---------+---------+-------+---------+---------+-------
        D:1 |      39 |       3 |   7.1 |      22 |       2 |   8.3
        D:2 |      49 |      73 |  59.8 |      18 |      17 |  48.6
        D:3 |      29 |       0 |   0.0 |       9 |       0 |   0.0
            +---------+---------+-------+---------+---------+-------
